 Dungeon Crawl Stone Soup version 0.26-a0-639-g72c4674329 (webtiles) character file.

Game seed: 13504068665481076868

362 Flugslaktarn the Chopper (level 6, -7/58 HPs)
             Began as a Deep Dwarf Fighter on Sept 28, 2020.
             Mangled by an orc warrior
             ... wielding a +0 halberd
              (19 damage)
             ... on level 5 of the Dungeon.
             The game lasted 00:00:46 (1162 turns).

Flugslaktarn the Chopper (Deep Dwarf Fighter)       Turns: 1162, Time: 00:00:46

Health: -7/58      AC:  9    Str: 21    XL:     6   Next: 39%
Magic:  4/4        EV:  5    Int:  8    God:
Gold:   139        SH:  0    Dex: 13    Spells: 5/5 levels left

rFire    . . .     SeeInvis .   a - +0 war axe
rCold    . . .     Faith    .   c - +0 kite shield
rNeg     . . .     Spirit   .   e - +0 chain mail
rPois    .         Reflect  .   (no helmet)
rElec    .         Harm     .   (no cloak)
rCorr    .         Rampage  .   (no gloves)
MR       .....                  (no boots)
Stlth    ..........             (no amulet)
HPRegen  0.00/turn              (no ring)
MPRegen  0.09/turn              (no ring)

@: confused, non-regenerating
A: damage resistance, heal wounds, sense surroundings 1, no regeneration
a: Heal Wounds


You were on level 5 of the Dungeon.
You visited 1 branch of the dungeon, and saw 5 of its levels.

You collected 139 gold pieces.

Inventory:

Hand Weapons
 a - a +0 war axe (weapon)
Armour
 b - a +0 scale mail
 c - a +0 kite shield (worn)
 e - a +0 chain mail (worn)
   (You found it on level 2 of the Dungeon)
Scrolls
 d - a scroll of fog {unknown}
 g - 2 scrolls of identify {unknown}
 h - a scroll of amnesia {unknown}
Potions
 i - a potion of heal wounds {unknown}
 j - a potion of magic {unknown}


   Skills:
 * Level 4.3 Fighting
 * Level 4.6 Axes
 + Level 4.4 Armour
 + Level 4.4 Shields


You had 5 spell levels left.
You didn't know any spells.
Your spell library was empty.

Dungeon Overview and Level Annotations

Branches:
Dungeon (5/15)
 Temple: D:4-7

Altars:
Dithmenos
Elyvilon

Annotations:
D:4 1 runed translucent door, ma3's ghost, novice DDFi
D:5 1 runed translucent door, p0werm0de's ghost, novice MiFi


Innate Abilities, Weirdness & Mutations

You are resistant to damage.
You can heal yourself by infusing magical energy.
You passively map a small area around you.
You do not regenerate.


Message History

The orc warrior hits you with a +0 halberd!
The orc hits you but does no damage.
You bump into the translucent stone wall.
The orc warrior zaps a wand.
Your will is overpowered!
You are more confused.
The now-empty wand crumbles to dust.
The orc hits you but does no damage.
The orc warrior hits you from afar with a +0 halberd.
The orc hits you but does no damage.
Things that are here:
a +0 ring mail; an orc corpse The orc warrior hits you with a +0 halberd!
* * * LOW HITPOINT WARNING * * *
You're too confused!
You're too confused!
It was a potion of ambrosia.
You are more confused.
You feel invigorated. The orc hits you but does no damage.
The orc warrior completely misses you.
The orc warrior hits you from afar with a +0 halberd!!
You die...

* ..### #..... ......#
#..... , ..
##..###..##....) * , ,
.##..##⌠##..#..... , ,
,,, ...##...##....... *
* ###.##..!..##...... ,
, ...+W..♣..⌠#).....
########.##..!..##†#.###
, .......@oo##...##(.#.#
<.........)##⌠##..##.#
*#########[..###..###.#
*, , ........#.....##
#.#
#########..#..####.### ,
, #.#........... * *
,#.#...####.### , ,
#.#.#.## #.# * , , ,
,#.#.#..# #.#


You could see an orc warrior, p0werm0de's ghost and an orc.

Vanquished Creatures
  A centaur (D:5)
  A scorpion (D:4)
  2 orc priests (D:4)
  A jelly (D:5)
  3 worker ants
  An iguana (D:5)
  A worker ant zombie (D:5)
  A shadow imp (D:5)
  An adder zombie (D:5)
  A dart slug (D:4)
  A leopard gecko (D:4)
  9 orcs
  A ball python (D:4)
  A hobgoblin (D:2)
  4 frilled lizards
29 creatures vanquished.

Notes
Turn   | Place    | Note
-------+----------+-------------------------------------------
     0 | D:1      | Flugslaktarn the Deep Dwarf Fighter began the quest for the
                  | Orb.
     0 | D:1      | Reached XP level 1. HP: 20/20 MP: 1/1
   274 | D:4      | Found a white marble altar of Elyvilon.
   304 | D:4      | Noticed a scorpion
   306 | D:4      | Noticed an orc priest
   318 | D:4      | Killed a scorpion
   318 | D:4      | Reached XP level 2. HP: 28/28 MP: 2/2
   318 | D:4      | Reached XP level 3. HP: 34/34 MP: 3/3
   324 | D:4      | Reached XP level 4. HP: 25/42 MP: 4/4
   344 | D:4      | Found a shadowy altar of Dithmenos.
   566 | D:4      | Reached XP level 5. HP: 27/50 MP: 5/5
   710 | D:4      | Found a runed translucent door.
   714 | D:4      | Noticed ma3's ghost (novice DDFi)
   994 | D:5      | Entered Level 5 of the Dungeon
  1077 | D:5      | Found a runed translucent door.
  1077 | D:5      | Noticed p0werm0de's ghost (novice MiFi)
  1084 | D:5      | Noticed a centaur
  1097 | D:5      | Reached XP level 6. HP: 38/57 MP: 5/5
  1144 | D:5      | Noticed an orc warrior
  1162 | D:5      | Mangled by an orc warrior

Illustrated notes

Levels and vault maps discovered:
D:1:      dpeg_arrival_fog, layout_loops_ring, minivault_23, minmay_tripent
D:2:      layout_basic
D:3:      layout_basic, okawaru_trees_1, gammafunk_temple_overflow_claw,
          serial_glass, glass_columns_b, glass_columns_b,
          kennysheep_generic_room_16, uniq_ijyb
D:4:      layout_basic, elyvilon_altar_5, grunt_dithmenos_smoke_and_mirrors,
          ebering_ghost_sewer_d
D:5:      layout_basic, eat_drink_and_be_merry_uskayaw,
          hellmonk_ghost_happy_afterlife

Skill      XL: |  1  2  3  4  5 |
---------------+----------------+-----
Fighting       | 3 4 |  4.3
Axes           | 3 4 |  4.6
Shields        | 4 |  4.4
Armour         | 4 |  4.4

Action                   |  1- 3 |  4- 6 || total
-------------------------+-------+-------++-------
Melee: War axe           |    16 |    81 ||    97
 Abil: Heal Wounds       |     1 |     5 ||     6
  Use: Potion            |     1 |     1 ||     2
Armor: Chain mail        |     7 |    53 ||    60
Dodge: Dodged            |     3 |    21 ||    24
Block: Kite shield       |     8 |    53 ||    61

Table legend: (Time is in decaauts)
 A = Elapsed time spent in this place.
 B = Non-inter-level travel time spent in this place.
 C = Inter-level travel time spent in this place.
 D = Time resting spent in this place.
 E = Time spent auto-exploring this place.
 F = Levels seen in this place.
 G = Mean time per level.
                   A        B        C        D        E       F      G
               +--------+--------+--------+--------+--------+-----+--------+
         Total |   1199 |   1143 |     56 |      0 |    884 |   5 |  239.8 |
       Dungeon |   1199 |   1143 |     56 |      0 |    884 |   5 |  239.8 |
               +--------+--------+--------+--------+--------+-----+--------+

Top non-repeatable levels by time:
     D:4: 753 daAuts
     D:5: 186 daAuts
     D:2: 182 daAuts
     D:3: 74 daAuts
     D:1: 2 daAuts
